[Event "*** SCC Grand Prix: Titled Tuesday Blitz"]
[Site "Chess.com"]
[Date "2020.07.07"]
[Round "5"]
[White "NewBornNow"]
[Black "ErikRonka"]
[Result "1-0"]
[WhiteElo "2669"]
[BlackElo "2392"]
[TimeControl "180+1"]
[EndTime "10:55:24 PDT"]
[Termination "NewBornNow won by checkmate"]

1. e4 c6 2. d4 d5 3. e5 c5 4. c4 cxd4 5. Nf3 Bg4 6. Qxd4 Bxf3 7. gxf3 Nc6 8. Qxd5 e6 9. Qxd8+ Rxd8 10. Nc3 Nxe5 11. Be3 Nc6 12. a3 Nge7 13. Rd1 Nf5 14. Rxd8+ Kxd8 15. Bd3 Nxe3 16. fxe3 g6 17. Ne4 Kc7 18. Ke2 Be7 19. f4 e5 20. Nc3 Bd6 21. f5 a6 22.
Rf1 Nd8 23. Nd5+ Kd7 24. Be4 b5 25. cxb5 axb5 26. Rd1 gxf5 27. Bxf5+ Kc6 28. Be4 Ne6 29. Nc3+ Kc5 30. Rd5+ Kc4 31. Rxb5 Nc5 32. Bd5# 1-0

[Event "*** SCC Grand Prix: Titled Tuesday Blitz"]
[Site "Chess.com"]
[Date "2020.07.07"]
[Round "5"]
[White "Vaathi_Coming"]
[Black "druskacik"]
[Result "1-0"]
[WhiteElo "2887"]
[BlackElo "2578"]
[TimeControl "180+1"]
[EndTime "10:55:24 PDT"]
[Termination "Vaathi_Coming won on time"]

1. Nf3 d5 2. d4 Nf6 3. Bf4 c5 4. e3 Nc6 5. dxc5 e6 6. c4 Bxc5 7. Nc3 O-O 8. cxd5 exd5 9. Be2 Be6 10. O-O Rc8 11. Rc1 Qe7 12. Na4 Bd6 13. Bxd6 Qxd6 14.
Nd4 Nxd4 15. Qxd4 b6 16. h3 Rxc1 17. Rxc1 Rc8 18. Nc3 h6 19. Rd1 Qc5 20. Bf3 Qxd4 21.
Rxd4 Kf8 22. Kf1 Ke7 23. Ke1 Rc5 24. Kd2 Rc4 25. Ne2 Rxd4+ 26. Nxd4 Bd7 27. Bd1 Kd6 28. Bc2 a5 29. g4 g5 30. f3 Be6 31. Bd3 Nd7 32.
Nb5+ Kc5 33. Nd4 Kd6 34. a3 Nc5 35. Bc2 Nd7 36. Kc3 Nc5 37. b4 axb4+ 38. Kxb4 Bd7 39. Bf5 Na6+ 40. Kc3 Be6 41. Kb3 Ke5 42. Ka4 Nc5+ 43. Kb5 Bxf5 44. Nxf5 h5 45. Kxb6 Na4+ 46. Kb5 Nc3+ 47.
Kb4 Ne2 48. a4 Ng1 49. a5 Nxh3 50. a6 h4 51. a7 1-0

[Event "*** SCC Grand Prix: Titled Tuesday Blitz"]
[Site "Chess.com"]
[Date "2020.07.07"]
[Round "5"]
[White "ljuks68"]
[Black "N00bM3ster"]
[Result "0-1"]
[WhiteElo "2427"]
[BlackElo "2606"]
[TimeControl "180+1"]
[EndTime "10:55:25 PDT"]
[Termination "N00bM3ster won on time"]

1. e4 c5 2. Nf3 e6 3. d4 cxd4 4. Nxd4 Nc6 5. Nc3 Qc7 6. Be3 a6 7. Qd2 Nf6 8. f3 Bb4 9. O-O-O Ne7 10. Kb1 d5 11. a3 Bxc3 12. Qxc3 Qxc3 13. bxc3 dxe4 14.
c4 e5 15. Nb3 Nf5 16. Bc5 Be6 17.
Na5 exf3 18. gxf3 Nd7 19. Bb4 b6 20. Nc6 Rc8 21. Rxd7 Bxd7 22. Nxe5 Be6 23. Bd3 f6 24.
Ng4 Kf7 25. Nf2 Rhd8 26. Re1 Nh4 27. Ne4 Bxc4 28. Nd6+ Rxd6 29. Bxd6 Bxd3 30. cxd3 Nxf3 31. Re7+ Kg6 32. Rd7 h5 33. Kb2 Nd4 34. Bc7 b5 35.
Ba5 Nf3 36. Bc7 Re8 0-1

[Event "*** SCC Grand Prix: Titled Tuesday Blitz"]
[Site "Chess.com"]
[Date "2020.07.07"]
[Round "5"]
[White "DortmundCity"]
[Black "A-Fier"]
[Result "1-0"]
[WhiteElo "2613"]
[BlackElo "2757"]
[TimeControl "180+1"]
[EndTime "10:55:26 PDT"]
[Termination "DortmundCity won by checkmate"]

1. e4 c5 2. f4 Nc6 3. Nf3 d5 4.
exd5 Qxd5 5. Nc3 Qd8 6. Bb5 Bd7 7. d4 cxd4 8. Nxd4 Nf6 9. Be3 e6 10. Qe2 Qa5 11. O-O-O Bb4 12. Nb3 Qc7 13. Bxc6 Bxc6 14. Nb5 Qe7 15. a3 a6 16. N5d4 Bxa3 17. Nxc6 bxc6 18.
bxa3 Qxa3+ 19. Kb1 Nd5 20. Qc4 Qd6 21. Bd4 O-O 22.
Bc5 Qc7 23. Bxf8 Rxf8 24. g3 a5 25. c3 Rb8 26. Ka2 a4 27. Nd4 c5 28. Rb1 Ra8 29. Nf3 h6 30. Rhc1 Ne3 31. Qe4 Nd5 32. c4 Rd8 33. cxd5 exd5 34. Qe5 Qc8 35. Rb5 c4 36.
Rxd5 Re8 37. Qd4 Re2+ 38. Ka1 Qb7 39. Rb1 Qc6 40. Ne5 Qe6 41. Qxc4 Rxh2 42. Rd8+ Kh7 43. Qxe6 fxe6 44. Rbb8 g5 45. Rb7# 1-0

[Event "*** SCC Grand Prix: Titled Tuesday Blitz"]
[Site "Chess.com"]
[Date "2020.07.07"]
[Round "5"]
[White "timator"]
[Black "ClassyEl"]
[Result "1-0"]
[WhiteElo "2633"]
[BlackElo "2460"]
[TimeControl "180+1"]
[EndTime "10:55:26 PDT"]
[Termination "timator won by resignation"]

1. Nf3 d5 2. d4 Nf6 3. c4 dxc4 4.
Nc3 a6 5. a4 Nc6 6. e3 Na5 7.
g3 c6 8. Bg2 Bf5 9. O-O e6 10.
Ne5 Bd6 11. f4 O-O 12. e4 Bg6 13. Nxg6 hxg6 14. e5 Bb4 15. exf6 Nb3 16. Rb1 Nxd4 17. Be3 Nf5 18. fxg7 Kxg7 19. Bf2 Qa5 20. Qc2 Rfd8 21. Rfd1 Bc5 22. Bxc5 Qxc5+ 23. Qf2 Qb4 24. g4 Ne7 25. h4 b5 26. h5 gxh5 27. f5 exf5 28. gxf5 f6 29.
Re1 Rd3 30. Re6 Rxc3 31. Rbe1 Nd5 32. bxc3 Qxc3 33. Bxd5 cxd5 34. Re7+ Kh8 35. Re8+ Rxe8 36.
Rxe8+ Kh7 37. Re7+ Kh8 38. Kh2 b4 39. Qg2 1-0

[Event "*** SCC Grand Prix: Titled Tuesday Blitz"]
[Site "Chess.com"]
[Date "2020.07.07"]
[Round "5"]
[White "TokChess"]
[Black "Fusikk"]
[Result "1-0"]
[WhiteElo "2417"]
[BlackElo "2544"]
[TimeControl "180+1"]
[EndTime "10:55:26 PDT"]
[Termination "TokChess won by resignation"]

1. Nf3 d5 2. g3 c6 3. Bg2 Bg4 4.
O-O Nd7 5. d4 e6 6. Nbd2 Ngf6 7.
Re1 Be7 8. e4 O-O 9. c3 a5 10.
a4 Bh5 11. e5 Ne8 12. Nb3 c5 13. Be3 Qc7 14. Nc1 Qc6 15. Nd3 Qb6 16. Qd2 Bg6 17. Nf4 Be4 18. h4 Nc7 19. Ng5 Bxg2 20. Kxg2 h6 21. Nf3 cxd4 22. Bxd4 Bc5 23. Nh5 Na6 24.
Qf4 Kh7 25. Qg4 g6 26. Nf4 Rg8 27. Rh1 Bxd4 28. cxd4 Nb4 29. Rac1 Rac8 30. Rxc8 Rxc8 31. h5 g5 32. Nxg5+ hxg5 33. Qxg5 Qd8 34. Qg4 Rc2 35.
Nxe6 fxe6 36. Qg6+ Kh8 37. Qh6+ Kg8 38. Qxe6+ Kf8 39. Qf5+ Ke7 40. Qg5+ Ke8 41. Qg6+ Kf8 42. Rh4 Qe7 43. Rf4+ 1-0

[Event "*** SCC Grand Prix: Titled Tuesday Blitz"]
[Site "Chess.com"]
[Date "2020.07.07"]
[Round "5"]
[White "Escanor89"]
[Black "if_name_main_a"]
[Result "1-0"]
[WhiteElo "2550"]
[BlackElo "2396"]
[TimeControl "180+1"]
[EndTime "10:55:26 PDT"]
[Termination "Escanor89 won by checkmate"]

1. c4 Nf6 2. Nc3 g6 3. e4 c6 4. e5 Nh5 5. d4 d6 6. Nf3 dxe5 7. Nxe5 Bg7 8. Be2 Nf6 9. O-O O-O 10.
Bf4 Na6 11. Bf3 Nc7 12. Re1 Ne6 13. Be3 Ne8 14. Qd2 Nd6 15. b3 Nf5 16. Rad1 Qa5 17. Bg4 Rd8 18. Bxf5 gxf5 19. Qc1 c5 20. Nd5 cxd4 21.
Bh6 Qc5 22. b4 Qd6 23. Bxg7 Kxg7 24. Qc2 f6 25. Nf3 Nc7 26. Rxe7+ Kh8 27. Rxc7 Be6 28. Rxb7 Rac8 29. Qd3 Rxc4 30. Qxc4 Bxd5 31. Qxd4 Qc6 32. Rxa7 Bxf3 33. Qxd8+ Qe8 34. Qxe8# 1-0

[Event "*** SCC Grand Prix: Titled Tuesday Blitz"]
[Site "Chess.com"]
[Date "2020.07.07"]
[Round "5"]
[White "AungTZ"]
[Black "PowerThinking2650"]
[Result "0-1"]
[WhiteElo "2114"]
[BlackElo "2319"]
[TimeControl "180+1"]
[EndTime "10:55:26 PDT"]
[Termination "PowerThinking2650 won by checkmate"]

1. e4 e5 2. Nf3 Nc6 3. d4 exd4 4. Nxd4 Nf6 5. Nc3 Bb4 6. Nxc6 bxc6 7. Bd3 O-O 8. O-O d5 9. exd5 cxd5 10. Bg5 c6 11. h3 h6 12. Bh4 Bd6 13. Ne2 Rb8 14. b3 Re8 15. Bg3 Ne4 16. Bxe4 Rxe4 17. Bxd6 Qxd6 18.
Nc3 Re8 19. Qd4 Rb4 20. Qxa7 Bxh3 21. gxh3 Re6 22. Qa8+ Kh7 23. Qc8 Rg6+ 24. Kh1 Qf6 25. f3 Qxc3 26. Qf5 Qd2 27. Qd3 Qg2# 0-1

[Event "*** SCC Grand Prix: Titled Tuesday Blitz"]
[Site "Chess.com"]
[Date "2020.07.07"]
[Round "5"]
[White "Marty435"]
[Black "kuban1991"]
[Result "0-1"]
[WhiteElo "2512"]
[BlackElo "2754"]
[TimeControl "180+1"]
[EndTime "10:55:27 PDT"]
[Termination "kuban1991 won on time"]

1. e4 e6 2. d4 d5 3. Nc3 Bb4 4.
e5 c5 5. a3 Bxc3+ 6. bxc3 Nc6 7. Qg4 g6 8. h4 h6 9. Bd3 c4 10. Bxg6 fxg6 11. Qxg6+ Kd7 12. Ne2 Nge7 13. Qg4 Qg8 14.
Qh3 Kc7 15. a4 Bd7 16. Ba3 Rf8 17. Bd6+ Kc8 18. a5 Qg6 19. Ra2 Rhg8 20. O-O h5 21. g3 Rf7 22. Bc5 Qe4 23. Re1 Qf3 24. Qg2 Be8 25. Qxf3 Rxf3 26. Kg2 Rf5 27. Rb1 Ng6 28.
Kf1 Rg7 29. Ke1 Rgf7 30. f4 Rd7 31. Kd2 Nge7 32. Ng1 Bg6 33. Nf3 Rf8 34. Ng5 Bf5 35. Ke3 Rc7 36. Bd6 Rg8 37. Kf2 Rd7 38. Bc5 Rg7 39.
Rbb2 Kb8 40. Ra1 Nc8 41. Nf3 a6 42. Ng5 N8a7 43. Bd6+ Ka8 44. Bc5 Nb5 45. Bf8 Nxc3 46. Bxg7 Rxg7 47. Ke3 Nb5 48. Rd1 Kb8 0-1

[Event "*** SCC Grand Prix: Titled Tuesday Blitz"]
[Site "Chess.com"]
[Date "2020.07.07"]
[Round "5"]
[White "crazychessbr"]
[Black "Arathorn2"]
[Result "0-1"]
[WhiteElo "2067"]
[BlackElo "2308"]
[TimeControl "180+1"]
[EndTime "10:55:27 PDT"]
[Termination "Arathorn2 won on time"]

1. e4 c5 2. d3 Nc6 3. g3 g6 4. Bg2 Bg7 5. f4 e6 6. Nf3 Nge7 7. O-O O-O 8. c3 d5 9. Be3 d4 10. cxd4 Nxd4 11. Nc3 b6 12. e5 Nef5 13. Bf2 Rb8 14. g4 Nxf3+ 15. Qxf3 Nh4 16. Bxh4 Qxh4 17. Ne4 Bb7 18.
Qe2 h6 19. Nd6 Bxg2 20. Qxg2 g5 21. f5 Bxe5 22. Ne4 exf5 23. Rxf5 f6 24. Raf1 Kg7 25. R5f3 h5 26. gxh5 Qxh5 27. Rh3 Qg6 28. Ng3 Bxg3 29. Rxg3 Rbd8 30. h4 Rxd3 31. hxg5 Rxg3 32. Qxg3 Qxg5 33. Qxg5+ fxg5 34. Rd1 Rf7 35. Rd5 Kg6 36. Kg2 Re7 37.
Kf3 Kh5 0-1

[Event "*** SCC Grand Prix: Titled Tuesday Blitz"]
[Site "Chess.com"]
[Date "2020.07.07"]
[Round "5"]
[White "Maghalashvili"]
[Black "BlackBoarder"]
[Result "1-0"]
[WhiteElo "2764"]
[BlackElo "2589"]
[TimeControl "180+1"]
[EndTime "10:55:28 PDT"]
[Termination "Maghalashvili won by checkmate"]

1. Nf3 Nf6 2. g3 g6 3. Bg2 Bg7 4. O-O O-O 5. d4 d5 6. c4 c6 7.
cxd5 cxd5 8. Ne5 Nc6 9. Nc3 e6 10. Nxc6 bxc6 11. Bf4 Nd7 12. Rc1 e5 13. dxe5 Nxe5 14.
Bxe5 Bxe5 15. b3 Re8 16. Na4 Qd6 17. Re1 Bg7 18. Qc2 Bd7 19. Nc5 Bf5 20. e4 dxe4 21. Bxe4 Bxe4 22. Nxe4 Qd4 23. Qxc6 Kh8 24. Ng5 Rf8 25.
Nxf7+ Kg8 26. Re7 Rac8 27. Qxc8 Rxc8 28. Rxc8+ Bf8 29. Nh6+ Kh8 30. Rxf8# 1-0

[Event "*** SCC Grand Prix: Titled Tuesday Blitz"]
[Site "Chess.com"]
[Date "2020.07.07"]
[Round "5"]
[White "Klavdia_Nik"]
[Black "chessfrendz"]
[Result "0-1"]
[WhiteElo "2067"]
[BlackElo "2311"]
[TimeControl "180+1"]
[EndTime "10:55:28 PDT"]
[Termination "chessfrendz won on time"]

1. Nf3 d5 2. c4 c6 3. b3 Nf6 4.
Bb2 Bf5 5. g3 e6 6. Bg2 Be7 7.
O-O O-O 8. d3 h6 9. Nbd2 a5 10.
Nd4 Bh7 11. e4 dxe4 12. dxe4 Bc5 13. Ne2 Ng4 14. h3 Ne3 15. Qc1 Nxf1 16. Nxf1 Qb6 17. Qf4 Nd7 18. Nc3 a4 19. Qd2 a3 20. Bc1 Rfd8 21.
Qc2 Ne5 22. Be3 Bxe3 23. Nxe3 Nd3 24. Rd1 Nb4 25. Qe2 Rxd1+ 26. Nexd1 Rd8 27. Ne3 Bg6 28. Na4 Qd4 29. c5 Qd3 30. Qxd3 Nxd3 31. Nc4 Nb4 32.
Nxa3 Rd1+ 33. Kh2 Nxa2 34. Nc4 Nb4 35. Nd6 b5 36. Nb6 Na6 37. Nd7 Nxc5 0-1

[Event "*** SCC Grand Prix: Titled Tuesday Blitz"]
[Site "Chess.com"]
[Date "2020.07.07"]
[Round "5"]
[White "Nara_Kh"]
[Black "Ariadna_Atreides"]
[Result "1-0"]
[WhiteElo "2290"]
[BlackElo "2061"]
[TimeControl "180+1"]
[EndTime "10:55:28 PDT"]
[Termination "Nara_Kh won by checkmate"]

1. e4 c5 2. Nf3 d6 3. Bb5+ Bd7 4. c4 e5 5. Nc3 Nc6 6. O-O a6 7. Ba4 Nge7 8. d3 Nd4 9. Bxd7+ Qxd7 10. Nxd4 exd4 11.
Ne2 g6 12. b4 Bg7 13. a3 O-O 14. Bg5 h6 15. Bxe7 Qxe7 16. Nf4 f5 17. Nxg6 Qf7 18. Nxf8 Rxf8 19. exf5 Qxf5 20. Qe2 Be5 21. g3 b6 22. Kg2 h5 23. f4 Bf6 24. Rae1 Kg7 25. Qe4 Qg4 26. Qe6 Qg6 27. Re4 h4 28. Qxd6 h3+ 29. Kh1 Qh5 30. g4 Qh4 31. f5 cxb4 32. axb4 a5 33. g5 Bxg5 34. Rxh4 Bxh4 35. Rg1+ Kh8 36. Qh6# 1-0

[Event "*** SCC Grand Prix: Titled Tuesday Blitz"]
[Site "Chess.com"]
[Date "2020.07.07"]
[Round "5"]
[White "VincentKeymer"]
[Black "Isajevsky_Anton"]
[Result "1-0"]
[WhiteElo "2885"]
[BlackElo "2547"]
[TimeControl "180+1"]
[EndTime "10:55:29 PDT"]
[Termination "VincentKeymer won by checkmate"]

1. Nf3 d5 2. e3 Nf6 3. c4 e6 4.
Nc3 Be7 5. b3 O-O 6. Bb2 b6 7.
cxd5 exd5 8. d4 Bb7 9. Bd3 Nbd7 10. O-O a6 11. Ne2 Re8 12. Ng3 g6 13. Ne5 c5 14.
Qf3 Bd6 15. Nxd7 Nxd7 16. dxc5 Nxc5 17. Nf5 gxf5 18. Qxf5 Nxd3 19. Qg4+ Kf8 20. Qg7+ Ke7 21. Bf6+ Ke6 22. Bxd8 Raxd8 23. Qxh7 Ne5 24. f4 Rh8 25.
Qc2 Ng4 26. h3 Nxe3 27. Rae1 d4 28. Qc4+ Kf5 29. Qxf7+ Ke4 30. Qe6+ Kd3 31. Rd1+ Nxd1 32. Rxd1+ Kc2 33. Qe2+ Kc3 34. Qc4+ Kb2 35. Rd2+ Kb1 36.
Qc2+ Ka1 37. Qc1# 1-0

[Event "*** SCC Grand Prix: Titled Tuesday Blitz"]
[Site "Chess.com"]
[Date "2020.07.07"]
[Round "5"]
[White "diablanni"]
[Black "SARGISMV"]
[Result "0-1"]
[WhiteElo "2306"]
[BlackElo "2481"]
[TimeControl "180+1"]
[EndTime "10:55:29 PDT"]
[Termination "SARGISMV won on time"]

1. e4 e6 2. d4 d5 3. Nc3 Bb4 4.
e5 c5 5. a3 Bxc3+ 6. bxc3 Ne7 7. Qg4 O-O 8. Bd3 Nbc6 9. Bh6 Ng6 10. Bd2 Qa5 11. h4 Qa4 12. h5 Ngxe5 13. Qf4 cxd4 14. h6 Nxd3+ 15. cxd3 f6 16. hxg7 Rf7 17. Qh4 Rxg7 18. Qxf6 Bd7 19. Nf3 Rf8 20. Qh4 Qc2 21. Bh6 Qxc3+ 22.
Ke2 Qc2+ 23. Nd2 Ne5 24. Rh3 Rg4 25. Qh5 Rf5 26. Bg5 Rfxg5 27. Qxh7+ Kf8 28. Qh8+ Kf7 29. Rh7+ Rg7 30. Rxg7+ Rxg7 31. Qh5+ Ng6 0-1

[Event "*** SCC Grand Prix: Titled Tuesday Blitz"]
[Site "Chess.com"]
[Date "2020.07.07"]
[Round "5"]
[White "okriak"]
[Black "mr65"]
[Result "1-0"]
[WhiteElo "2712"]
[BlackElo "2104"]
[TimeControl "180+1"]
[EndTime "10:55:29 PDT"]
[Termination "okriak won by resignation"]

1. e4 e5 2. Nf3 Nc6 3. Bb5 a6 4. Ba4 Nf6 5. O-O Be7 6. Re1 b5 7. Bb3 O-O 8. c3 d5 9. exd5 Nxd5 10.
Nxe5 Nxe5 11. Rxe5 c6 12. Bxd5 cxd5 13. d4 Bd6 14.
Re3 Qh4 15. h3 f5 16. Qf3 Bb7 17. Nd2 Rae8 18. Nf1 f4 19. Rxe8 Rxe8 20. Bd2 Qf6 21. Re1 Rxe1 22. Bxe1 Qf5 23. Bd2 Bc8 24. Bc1 Be6 25.
a3 g6 26. Qe2 Qe4 27. Qd1 f3 28. Nd2 Qe2 29. Qf1 Qxf1+ 30. Nxf1 fxg2 31. Kxg2 Kf7 32. Nd2 Bf4 33. Nb3 Bd6 34. Nc5 Bc8 35. Nd3 h5 36.
Bf4 Bxf4 37. Nxf4 Bf5 38. h4 Bc2 39. Kg3 Bb3 40. Nd3 a5 41. Kf4 Kf6 42. Nc5 Bc4 43. b3 Be2 44. Nb7 g5+ 45. hxg5+ Kg6 46. Nxa5 h4 47. Nc6 h3 48. Ne5+ Kh5 49. Kg3 Kxg5 50. Kxh3 Kf4 51. Kg2 Ke4 52. a4 bxa4 53.
bxa4 Ba6 54. Kg3 Kf5 55. Kf3 1-0

[Event "*** SCC Grand Prix: Titled Tuesday Blitz"]
[Site "Chess.com"]
[Date "2020.07.07"]
[Round "5"]
[White "superchess02"]
[Black "GGfrances"]
[Result "1-0"]
[WhiteElo "2666"]
[BlackElo "2343"]
[TimeControl "180+1"]
[EndTime "10:55:30 PDT"]
[Termination "superchess02 won by resignation"]

1. e4 c5 2. Nf3 g6 3. d4 cxd4 4. Nxd4 Bg7 5. c4 Nc6 6. Be3 Nf6 7. Nc3 Ng4 8. Qxg4 Nxd4 9. Qd1 Ne6 10. Be2 O-O 11.
O-O b6 12. f4 Bb7 13. e5 Rc8 14. a4 f6 15. exf6 Bxf6 16. a5 Nc5 17. axb6 axb6 18. Ra7 Bc6 19. f5 gxf5 20. Rxf5 e6 21. Rh5 Qe8 22.
Bxc5 bxc5 23. Bd3 Rf7 24. Ne4 Bxe4 25. Bxe4 Bd4+ 26. Kh1 Rg7 27. b4 cxb4 28. Rb7 Bc5 29. h3 Qf8 30. Bxh7+ Rxh7 31. Rxh7 Kxh7 32. Qxd7+ Kg6 33.
Qxe6+ Qf6 34. Qe4+ Qf5 35. Rg7+ Kxg7 36. Qxf5 Rc6 37.
Qd7+ 1-0

[Event "*** SCC Grand Prix: Titled Tuesday Blitz"]
[Site "Chess.com"]
[Date "2020.07.07"]
[Round "5"]
[White "marabu44"]
[Black "Fluffey"]
[Result "0-1"]
[WhiteElo "2238"]
[BlackElo "2449"]
[TimeControl "180+1"]
[EndTime "10:55:30 PDT"]
[Termination "Fluffey won on time"]

1. Nf3 f5 2. d3 Nc6 3. e4 e5 4. Bg5 Nf6 5. Nc3 Bb4 6. Nd2 Bxc3 7. bxc3 h6 8. Bxf6 Qxf6 9. g3 d6 10. Bg2 O-O 11. exf5 Bxf5 12. O-O Nd8 13. Nc4 c6 14.
Rb1 d5 15. Ne3 Be6 16. d4 e4 17. c4 b6 18. cxd5 cxd5 19. c4 dxc4 20. d5 Bf5 21. Qc2 Nf7 22. Nxf5 Qxf5 23. Bxe4 Qh5 24. Bg6 Qxd5 25.
Rbd1 Qc5 26. Rd7 Ne5 27. Rfd1 Nxd7 28. Rxd7 Rf6 29. Be4 Raf8 30. Bd5+ Kh8 31. Qxc4 Qxf2+ 32. Kh1 Qd2 0-1

[Event "*** SCC Grand Prix: Titled Tuesday Blitz"]
[Site "Chess.com"]
[Date "2020.07.07"]
[Round "5"]
[White "snap_man"]
[Black "sertalzin"]
[Result "1-0"]
[WhiteElo "2293"]
[BlackElo "2019"]
[TimeControl "180+1"]
[EndTime "10:55:30 PDT"]
[Termination "snap_man won on time"]

1. Nf3 d5 2. g3 Nf6 3. Bg2 c6 4. b3 Bf5 5. Bb2 h6 6. O-O e6 7. d3 Be7 8. Re1 O-O 9. Nfd2 a5 10. e4 Bh7 11. e5 Nfd7 12. f4 c5 13. c4 dxc4 14. Nxc4 Qc7 15. Nc3 Nc6 16. Nb5 Qb8 17. Nbd6 Ra6 18. a4 Nd4 19. Bxd4 cxd4 20. Nxb7 Nc5 21.
Nxc5 Bxc5 22. Rc1 Bb4 23. Re2 Bc3 24. Qc2 Rd8 25. Rf1 Qc7 26. g4 f6 27. f5 fxe5 28. Rxe5 exf5 29. gxf5 Rf8 30. Qe2 Raf6 31. Bd5+ Kh8 32.
Be6 Bxf5 33. Bxf5 g6 34. Bh3 Rxf1+ 35. Bxf1 Rxf1+ 36. Qxf1 1-0

[Event "*** SCC Grand Prix: Titled Tuesday Blitz"]
[Site "Chess.com"]
[Date "2020.07.07"]
[Round "5"]
[White "luizwas"]
[Black "fabianvivasz"]
[Result "1/2-1/2"]
[WhiteElo "1825"]
[BlackElo "2260"]
[TimeControl "180+1"]
[EndTime "10:55:30 PDT"]
[Termination "Game drawn by repetition"]

1. e4 e5 2. Nf3 Nc6 3. Bc4 Nf6 4. Ng5 d5 5. exd5 b5 6. Bb3 Nd4 7. Nf3 Nxb3 8. axb3 e4 9. Nd4 Qxd5 10. c3 Bc5 11.
Ne2 Ng4 12. O-O Qh5 13. h3 Ne5 14. Ng3 Qg6 15. d4 exd3 16. Re1 Qxg3 17. Be3 Bxe3 18. Rxe3 Qg5 19. Qxd3 O-O 20. Qd5 Bxh3 21. Rxe5 Qc1+ 22. Kh2 Be6 23. Qxb5 Qxb2 24. Qa4 Qxf2 25. Na3 Rfd8 26. Rae1 Rd2 27. Qe4 Rad8 28. Rxe6 g6 29. Re8+ Rxe8 30. Qxe8+ Kg7 31. Qe5+ Kg8 32. Qe8+ Kg7 33. Qe5+ Kg8 34.
Qe8+ 1/2-1/2

[Event "*** SCC Grand Prix: Titled Tuesday Blitz"]
[Site "Chess.com"]
[Date "2020.07.07"]
[Round "5"]
[White "PauloFanha"]
[Black "LaPorfia"]
[Result "0-1"]
[WhiteElo "1989"]
[BlackElo "2222"]
[TimeControl "180+1"]
[EndTime "10:55:30 PDT"]
[Termination "LaPorfia won by checkmate"]

1. e4 d5 2. exd5 Nf6 3. Nc3 Nxd5 4. Bc4 Be6 5. Qf3 c6 6. Nxd5 Bxd5 7. Bxd5 Qxd5 8.
Qxd5 cxd5 9. Nf3 Nc6 10. c3 e6 11. d4 b5 12. a3 Be7 13. Bf4 Kd7 14. Ne5+ Nxe5 15.
Bxe5 f6 16. Bg3 a5 17. O-O b4 18. axb4 axb4 19. Rfd1 Rhc8 20. Rxa8 Rxa8 21. Kf1 Ra2 22. Rb1 Kc6 23. h4 Kb5 24. Bf4 Kc4 25. cxb4 Bxb4 26. Rc1+ Kxd4 27. Rc7 Ke4 28. Bc1 Ra1 29. Ke2 Bd6 30.
f3+ Kf5 31. Rc6 Bg3 32. h5 g5 33. hxg6 hxg6 34. Bd2 Rb1 35. Bc3 e5 36. Rc5 Ke6 37.
Rc6+ Ke7 38. Rc7+ Kd6 39. Rg7 d4 40. Bb4+ Kd5 41. Rxg6 Rxb2+ 42. Kd3 f5 43. Rxg3 e4+ 44.
fxe4+ fxe4# 0-1

[Event "*** SCC Grand Prix: Titled Tuesday Blitz"]
[Site "Chess.com"]
[Date "2020.07.07"]
[Round "5"]
[White "aliba25"]
[Black "Sam_ChessMood"]
[Result "0-1"]
[WhiteElo "2614"]
[BlackElo "2843"]
[TimeControl "180+1"]
[EndTime "10:55:31 PDT"]
[Termination "Sam_ChessMood won by resignation"]

1. Nf3 d5 2. e3 Nf6 3. c4 e6 4.
b3 Be7 5. Bb2 O-O 6. Nc3 dxc4 7.
bxc4 c5 8. g3 b6 9. Bg2 Bb7 10.
O-O Nc6 11. Qe2 Rc8 12. Rfd1 Na5 13. Ne1 Bxg2 14. Nxg2 Qd7 15. f4 Qb7 16. d3 a6 17.
a4 Nc6 18. g4 Na7 19. f5 exf5 20. gxf5 b5 21. axb5 axb5 22. Nf4 Bd6 23. Rxa7 Qxa7 24.
Nxb5 Qe7 25. Nxd6 Qxd6 26. Qg2 Kh8 27. Nd5 Rg8 28. Kh1 Nxd5 29. cxd5 f6 30. e4 c4 31. dxc4 Rxc4 32. Re1 Qc5 33. Re2 Rb8 34. h3 Rxb2 35. Rxb2 Rc1+ 36. Kh2 Qd6+ 37. Qg3 Rh1+ 38. Kxh1 Qxg3 0-1

[Event "*** SCC Grand Prix: Titled Tuesday Blitz"]
[Site "Chess.com"]
[Date "2020.07.07"]
[Round "5"]
[White "regular_legs"]
[Black "ichangedmyname_yup"]
[Result "0-1"]
[WhiteElo "2516"]
[BlackElo "2399"]
[TimeControl "180+1"]
[EndTime "10:55:31 PDT"]
[Termination "ichangedmyname_yup won by resignation"]

1. d4 Nf6 2. c4 e6 3. Nf3 c5 4.
Nc3 cxd4 5. Nxd4 b6 6. e4 d6 7. Be3 a6 8. Be2 Bb7 9. f3 Be7 10. O-O O-O 11. Qd2 Qc7 12. Rfc1 Nbd7 13. b4 Rac8 14.
Rc2 Qb8 15. a3 Bd8 16. Kh1 Bc7 17. Bg1 h5 18. Rb1 h4 19. h3 Ne5 20. Bf2 Ng6 21. Bd3 Nh5 22. Nce2 Rfe8 23. Nb3 d5 24. exd5 exd5 25.
c5 Ngf4 26. Nbd4 Be5 27. c6 Ba8 28. Bxa6 Rc7 29. Bd3 Nxe2 30. Bxe2 Bf4 31. Qd1 Bg3 32. Bxg3 Nxg3+ 33. Kg1 Rce7 34. b5 Qf4 35. Rb3 Re3 36. Qd2 Rxe2 37. Qxe2 Qxd4+ 38. Qf2 Re1+ 0-1

[Event "*** SCC Grand Prix: Titled Tuesday Blitz"]
[Site "Chess.com"]
[Date "2020.07.07"]
[Round "5"]
[White "KuzubovYuriy"]
[Black "Nf3c5"]
[Result "1-0"]
[WhiteElo "2850"]
[BlackElo "2616"]
[TimeControl "180+1"]
[EndTime "10:55:32 PDT"]
[Termination "KuzubovYuriy won by resignation"]

1. d4 Nf6 2. c4 g6 3. Nc3 d5 4.
cxd5 Nxd5 5. Bd2 Bg7 6. e4 Nb6 7. Be3 O-O 8. Bb5 a6 9. Be2 Nc6 10. d5 Na5 11. Bd4 e5 12. Bxb6 cxb6 13. b4 Qc7 14. Qd3 f5 15. bxa5 fxe4 16. Nxe4 Bf5 17. Bf3 Qc5 18. Nxc5 Bxd3 19. Nxd3 e4 20. O-O-O Rac8+ 21. Kb1 exd3 22. Rxd3 Rf4 23. Ne2 Rb4+ 24. Rb3 bxa5 25.
Rxb4 axb4 26. Rc1 Rxc1+ 27. Nxc1 Be5 28. d6 Bxd6 29. Bxb7 a5 30. g3 Bc5 31. Nd3 Bd4 32.
Kc2 g5 33. Kb3 h6 34. Kc4 Bb6 35. Kb5 Bc7 36. Nc5 Kf7 37. Nb3 Ke7 38. Nxa5 1-0

[Event "*** SCC Grand Prix: Titled Tuesday Blitz"]
[Site "Chess.com"]
[Date "2020.07.07"]
[Round "5"]
[White "Federtiu"]
[Black "dopolian"]
[Result "0-1"]
[WhiteElo "2553"]
[BlackElo "2425"]
[TimeControl "180+1"]
[EndTime "10:55:32 PDT"]
[Termination "dopolian won on time"]

1. e4 e5 2. Bc4 Nf6 3. d3 Bc5 4. Nc3 O-O 5. Bg5 c6 6. a3 h6 7. h4 d6 8. Qd2 hxg5 9. hxg5 Ng4 10. Nh3 g6 11. Qe2 b5 12. Ba2 Kg7 13. Nd1 Qb6 14. b4 Bd4 15. c3 Nxf2 16. Nhxf2 Bxf2+ 17. Nxf2 a5 18. Ng4 Bxg4 19. Qxg4 Qe3+ 20. Kf1 Qxd3+ 21. Kf2 Qd2+ 22. Kg1 Qe3+ 23. Kf1 Na6 24. Rh3 Qd2 25. Kg1 axb4 26. cxb4 Nxb4 27. Rf1 Nxa2 0-1

[Event "*** SCC Grand Prix: Titled Tuesday Blitz"]
[Site "Chess.com"]
[Date "2020.07.07"]
[Round "5"]
[White "Chesswizard_2007"]
[Black "Karina_Ivanova"]
[Result "1-0"]
[WhiteElo "2459"]
[BlackElo "2227"]
[TimeControl "180+1"]
[EndTime "10:55:32 PDT"]
[Termination "Chesswizard_2007 won on time"]

1. Nf3 Nf6 2. e3 c5 3. b3 g6 4. Bb2 Bg7 5. h4 h5 6. Be2 d5 7. c4 d4 8. exd4 Ng4 9. d3 Nc6 10. Nbd2 cxd4 11. a3 a5 12. O-O O-O 13. Ng5 e5 14.
Bf3 Qc7 15. Bd5 e4 16. g3 e3 17. Nde4 exf2+ 18. Kh1 Ne3 19. Qe2 Nxf1 20. Rxf1 Ne7 21. Bxf7+ Rxf7 22. Nxf7 Kxf7 23. Qxf2+ Bf5 24. Bxd4 Bxd4 25.
Qxd4 Kg8 26. Nf6+ Kf7 27. g4 Qc6+ 28. Nd5 hxg4 29. h5 Nxd5 30. cxd5 Qd7 31. hxg6+ Kxg6 32. Qe5 Re8 33. Qd4 Rf8 34. Qb6+ 1-0

[Event "*** SCC Grand Prix: Titled Tuesday Blitz"]
[Site "Chess.com"]
[Date "2020.07.07"]
[Round "5"]
[White "JSMastropiero"]
[Black "comsac"]
[Result "1-0"]
[WhiteElo "2423"]
[BlackElo "2247"]
[TimeControl "180+1"]
[EndTime "10:55:33 PDT"]
[Termination "JSMastropiero won on time"]

1. d4 d5 2. c4 e6 3. Nc3 Nf6 4. cxd5 exd5 5. Bg5 Be7 6. e3 c6 7. Qc2 O-O 8. Bd3 Nbd7 9. Nf3 Re8 10. h3 h6 11. Bf4 Nf8 12. O-O Bd6 13. Bxd6 Qxd6 14. Rab1 a5 15. a3 N8h7 16. b4 axb4 17. axb4 Ng5 18.
Ne5 Rxe5 19. dxe5 Qxe5 20. Rfe1 Nfe4 21. f4 Qxc3 22. fxg5 Qxc2 23. Bxc2 Nxg5 24. e4 dxe4 25. Bxe4 Be6 26. b5 Ra2 27. bxc6 bxc6 28. Bxc6 g6 29. Rbd1 Bxh3 30. Bd5 1-0